 Dungeon Crawl Stone Soup version 0.25-a0-458-g6fc7858b95 (webtiles) character file.

Game seed: 9926798349935469709, levelgen mode: deterministic

1804 ReteAZ the Skirmisher (level 9, -2/111 HPs)
             Began as an Ogre Hunter on Feb 2, 2020.
             Was a Believer of Qazlal.
             Slain by a hippogriff (3 damage)
             ... on level 7 of the Dungeon.
             The game lasted 00:13:58 (9298 turns).

ReteAZ the Skirmisher (Ogre Hunter)                 Turns: 9298, Time: 00:13:58

Health: -2/111     AC:  3    Str: 19    XL:     9   Next: 9%
Magic:  10/10      EV: 12    Int: 12    God:    Qazlal [**....]
Gold:   406        SH:  3    Dex: 11    Spells: 8/8 levels left

rFire    + . .     SeeInvis +   r - +0 giant club
rCold    . . .     Gourm    .   (shield currently unavailable)
rNeg     . . .     Faith    .   b - +0 robe
rPois    .         Spirit   .   (helmet restricted)
rElec    .         Reflect  .   (no cloak)
rCorr    .         Harm     .   (gloves unavailable)
MR       .....                  (boots unavailable)
Stlth    +.........             (no amulet)
HPRegen  0.28/turn              G - ring of protection from fire
MPRegen  0.12/turn              (no ring)

@: no status effects
A: large, unfitting armour, see invisible, robust 2, tough skin 1
a: Upheaval, Renounce Religion


You were on level 7 of the Dungeon.
You worshipped Qazlal.
Qazlal was pleased with you.
You were not hungry.

You visited 2 branches of the dungeon, and saw 8 of its levels.
You also visited: Ossuary.

You collected 406 gold pieces.

Inventory:

Hand Weapons
 a - a +0 short sword
 h - a +3 flail
 r - a +0 giant club (weapon)
Missiles
 c - 6 large rocks
 d - 2 throwing nets
 u - 30 poisoned darts (quivered)
 x - 2 boomerangs of dispersal
Armour
 b - a +0 robe (worn)
Jewellery
 G - a ring of protection from fire (left hand)
Wands
 e - a wand of digging (5)
 w - a wand of paralysis (4)
 C - a wand of enslavement (4)
Scrolls
 g - 7 scrolls of identify
 i - a scroll of amnesia
 p - 5 scrolls of teleportation
 q - 2 scrolls of noise
 s - 5 scrolls of remove curse
 v - 2 scrolls of fog {unknown}
 y - a scroll of fear {unknown}
 E - 2 scrolls of random uselessness {unknown}
 F - a scroll of enchant armour {unknown}
Potions
 j - a potion of haste {unknown}
 k - 3 potions of degeneration
 l - 2 potions of ambrosia {unknown}
 m - 5 potions of brilliance
 n - 2 potions of invisibility {unknown}
 o - 2 potions of lignification {unknown}
 t - 3 potions of curing {unknown}
 z - 2 potions of resistance {unknown}
 A - a potion of might {unknown}
 B - a potion of flight
Comestibles
 f - 11 rations
 D - a chunk of flesh


   Skills:
 - Level 7.2 Fighting
 * Level 7.0 Maces & Flails
 - Level 4.0 Throwing
 + Level 5.7 Dodging
 - Level 0.6 Stealth
 + Level 2.0 Evocations


You had 8 spell levels left.
You didn't know any spells.
Your spell library was empty.

Dungeon Overview and Level Annotations

Branches:
Dungeon (7/15)             Temple (1/1) D:4         Ossuary (visited)

Altars:
Ashenzari
Cheibriados
Elyvilon
Fedhas
Gozag
Hepliaklqana
Kikubaaqudgha
Makhleb
Nemelex Xobeh
Okawaru
Qazlal
Ru
Trog
Uskayaw
Vehumet
Wu Jian
Xom
Yredelemnul
The Shining One

Annotations:
D:5 2 runed translucent doors, navillus's ghost, amateur GrFi


Innate Abilities, Weirdness & Mutations

You are too large for most types of armour.
You have tough skin. (AC +1)
You have supernaturally acute eyesight. (SInv)
You are very robust. (+20% HP)


Message History

* * * LOW HITPOINT WARNING * * *
The hippogriff claws you!
* * * LOW HITPOINT WARNING * * *
You thump the hippogriff!
The hippogriff is moderately wounded.
The hound zombie barely misses you. The hippogriff bites you.
* * * LOW HITPOINT WARNING * * *
You block the hippogriff's attack. The hippogriff closely misses you.
The hound zombie completely misses you.
Throwing (i - inventory. (/) - cycle)
u - 31 poisoned darts (quivered)
Press: ? - help, Shift-Dir - straight line, f - hippogriff
Aim: a hippogriff (moderately wounded)
You throw a poisoned dart.
The poisoned dart barely misses the hippogriff.
The hippogriff bites you!
* * * LOW HITPOINT WARNING * * *
The hippogriff pecks you.
* * * LOW HITPOINT WARNING * * *
The hippogriff claws you.
You die...

# #.#####+###
#..H@Z....#
#.........#
#.:.........#
##..#####+###
#.> ###


You could see a hippogriff and a hound zombie.

Vanquished Creatures
  A sky beast (D:7)
  3 ogres
  3 bullfrogs
  An elf zombie (D:6)
  A scorpion (D:3)
  A centaur zombie (D:5)
  A crimson imp (D:5)
  A hound (D:5)
  5 orc priests
  6 orc wizards
  Terence (D:2)
  Natasha (thrice) (D:4)
  A human skeleton (D:6)
  6 worker ants
  2 hound skeletons
  13 mummies (Ossuary)
  4 gnolls
  6 adders
  A shadow imp (D:7)
  2 oozes (D:2)
  2 worms
  4 dart slugs
  7 leopard geckos
  15 orcs
  3 ball pythons
  13 bats
  3 giant cockroaches
  12 goblins
  21 hobgoblins
  14 jackals
  4 quokkas
  A ball python skeleton (D:5)
  6 frilled lizards
  2 gnoll skeletons (Ossuary)
  A jackal skeleton (D:4)
  A jackal zombie (D:6)
  16 kobolds
  3 kobold skeletons (Ossuary)
  A leopard gecko skeleton (D:4)
  A leopard gecko zombie (D:7)
  5 orc skeletons
  An orc zombie (D:6)
  9 rats
  11 rat skeletons (Ossuary)
218 creatures vanquished.

Vanquished Creatures (others)
  A goblin skeleton (Ossuary)
  A plant (D:1)
2 creatures vanquished.

Grand Total: 220 creatures vanquished

Notes
Turn   | Place    | Note
-------+----------+-------------------------------------------
     0 | D:1      | ReteAZ the Ogre Hunter began the quest for the Orb.
     0 | D:1      | Reached XP level 1. HP: 22/22 MP: 1/1
    96 | D:1      | Reached XP level 2. HP: 3/31 MP: 2/2
   811 | D:1      | Reached XP level 3. HP: 28/40 MP: 3/3
   861 | D:1      | Reached skill level 5 in Fighting
  1387 | D:2      | Reached XP level 4. HP: 45/50 MP: 4/4
  1545 | D:2      | Noticed Terence
  1765 | D:2      | Found an ornate altar of the Wu Jian Council.
  2286 | D:2      | Gained mutation: You are robust. (+10% HP) [potion of
                  | mutation]
  2286 | D:2      | Gained mutation: You are very robust. (+20% HP) [potion of
                  | mutation]
  2286 | D:2      | Gained mutation: You have supernaturally acute eyesight.
                  | (SInv) [potion of mutation]
  2308 | D:2      | Killed Terence
  2308 | D:2      | Reached XP level 5. HP: 38/73 MP: 5/5
  3746 | D:3      | Reached XP level 6. HP: 83/85 MP: 6/6
  3994 | D:3      | Reached skill level 1 in Maces & Flails
  5008 | D:4      | Reached XP level 7. HP: 71/93 MP: 7/7
  5127 | D:4      | Noticed Natasha
  5131 | D:4      | Killed Natasha
  5190 | D:4      | Noticed Natasha
  5192 | D:4      | Found a staircase to the Ecumenical Temple.
  5194 | D:4      | Killed Natasha
  5246 | D:4      | Found a stormy altar of Qazlal.
  5382 | Temple   | Entered the Ecumenical Temple
  5573 | D:4      | Became a worshipper of Qazlal Stormbringer
  5611 | D:4      | Noticed Natasha
  5621 | D:4      | Killed Natasha
  5765 | D:5      | Entered Level 5 of the Dungeon
  6303 | D:5      | Reached * piety under Qazlal
  6988 | D:5      | Found a runed translucent door.
  7006 | D:5      | Reached XP level 8. HP: 93/104 MP: 8/8
  7025 | D:5      | Reached skill level 5 in Maces & Flails
  7142 | D:5      | Noticed navillus's ghost (amateur GrFi)
  7312 | D:5      | Found a runed translucent door.
  7798 | D:6      | Found a sand-covered staircase.
  7838 | Ossuary  | Entered an ossuary
  7890 | Ossuary  | Reached ** piety under Qazlal
  8058 | Ossuary  | Reached skill level 5 in Dodging
  8202 | D:6      | Found an ancient bone altar of Kikubaaqudgha.
  8665 | D:6      | Reached skill level 1 in Evocations
  8678 | D:6      | Found a hazy altar of Hepliaklqana.
  8844 | D:6      | Found a snail-covered altar of Cheibriados.
  8851 | D:6      | Found an iron altar of Okawaru.
  8854 | D:6      | Found a sparkling altar of Nemelex Xobeh.
  8950 | D:6      | Found an opulent altar of Gozag.
  9255 | D:7      | Reached XP level 9. HP: 7/111 MP: 8/10
  9255 | D:7      | HP: 2/111 [bullfrog (5)]
  9298 | D:7      | HP: 1/111 [hippogriff (5)]
  9298 | D:7      | Slain by a hippogriff

Levels and vault maps discovered:
D:1:      matt_arrival_refuge, layout_rooms, skrybe_limestone_x,
          minmay_crystal_water, lexackson_kobold_supper
D:2:      layout_rooms, lemuel_crystal_altar, first_ration, st_stairs_14,
          kennysheep_generic_room_3, uniq_terence
D:3:      layout_loops_ring, kennysheep_generic_room_8
D:4:      layout_rooms, old_standard_altar, minmay_temple_entry_arrows,
          uniq_natasha
D:5:      corexii_shantytown, layout_loops_ring, ebering_ghost_sewer_f
D:6:      layout_basic, lemuel_crystal_altar, minitemple,
          lemuel_coloured_pillars_altar, nicolae_ossuary_entry_catacombs,
          grunt_gozag_breadcrumbs
D:7:      layout_basic, grunt_dithmenos_smoke_and_mirrors, enter_bailey_3,
          basic_altar, minmay_manual_mail
Temple:   chequers_temple_sunken

Skill      XL: |  1  2  3  4  5  6  7  8  9 |
---------------+----------------------------+-----
Fighting       | 3 4 5 6 7 |  7.2
Dodging        | 2 3 4 5 |  5.7
Maces & Flails | 2 4 6 7 |  7.0
Evocations     | 1 2 |  2.0
Throwing       | |  4.0
Stealth        | |  0.6

Action                   |  1- 3 |  4- 6 |  7- 9 || total
-------------------------+-------+-------+-------++-------
Melee: Short sword       |   189 |   222 |       ||   411
       Unarmed           |     7 |       |       ||     7
       Flail             |       |   102 |   109 ||   211
       Giant club        |       |       |   217 ||   217
Throw: Large rock        |     4 |     1 |     1 ||     6
       Dart              |       |       |     4 ||     4
  Use: Potion            |       |     3 |     4 ||     7
       Scroll            |       |       |     5 ||     5
 Stab: Sleeping          |       |     3 |     2 ||     5
       Distracted        |       |     1 |       ||     1
  Eat: Chunk             |     2 |    12 |    11 ||    25
       Ration            |       |       |     1 ||     1
Armor: Robe              |    65 |    97 |    49 ||   211
Dodge: Dodged            |   111 |   208 |   164 ||   483
Block: Other             |       |       |    17 ||    17

Table legend:
 A = Non-vault XP
 B = Vault XP
 C = Vault XP percentage of total XP
 D = Non-vault monster count
 E = Vault monster count
 F = Vault count percentage of total count
                 A         B        C        D         E       F
            +---------+---------+-------+---------+---------+-------
      Total |    2018 |     560 |  21.7 |     138 |      79 |  36.4
            +---------+---------+-------+---------+---------+-------
        D:1 |      75 |      12 |  13.8 |      30 |       8 |  21.1
        D:2 |      70 |      39 |  35.8 |      25 |       3 |  10.7
        D:3 |     255 |       3 |   1.2 |      32 |       2 |   5.9
        D:4 |     271 |      35 |  11.4 |      19 |       1 |   5.0
        D:5 |     558 |      97 |  14.8 |      16 |      29 |  64.4
        D:6 |     426 |     127 |  23.0 |      10 |       6 |  37.5
        D:7 |     363 |       0 |   0.0 |       6 |       0 |   0.0
    Ossuary |       0 |     247 | 100.0 |       0 |      30 | 100.0
            +---------+---------+-------+---------+---------+-------
